 Dungeon Crawl Stone Soup version 0.24.1-14-gf8d2b509d9 (webtiles) character file.

Game seed: 2731251272835458904, levelgen mode: deterministic

21548 TittyCrusher the Martial Artist (level 12, -6/96 (97) HPs)
             Began as a Naga Transmuter on Apr 19, 2024.
             Was an Elder of Cheibriados.
             Splashed by Nessos's acid (15 damage)
             ... on level 4 of the Lair of Beasts.
             The game lasted 01:00:48 (15216 turns).

TittyCrusher the Martial Artist (Naga Transmuter)  Turns: 15216, Time: 01:00:49

HP:   -6/96 (97)    AC:  5    Str: 24    XL:     12   Next: 91%
MP:   22/30         EV: 16    Int: 28    God:    Cheibriados [****..]
Gold: 309           SH:  0    Dex: 34    Spells: 1/23 levels left

rFire    . . .     SeeInvis +     - Unarmed
rCold    . . .     Gourm    .   (shield currently unavailable)
rNeg     . . .     Faith    .   L - +2 troll leather armour
rPois    +         Spirit   .   f - +1 helmet
rElec    +         Reflect  .   H - +2 cloak
rCorr    .         Harm     .   (gloves currently unavailable)
MR       +....                  (no barding)
Stlth    ++........             r - amulet of Jamymaf {*Contam Regen+ Int+8 SInv}
HPRegen  1.06/turn              l - ring of the Red Skies {rElec Int-5 Dex+10 Stlth-}
MPRegen  0.22/turn              u - ring of magical power

@: blade hands, corroded, studying Transmutations, very slow
A: large, see invisible, blink, deformed body, poison resistance, electricity
resistance, slowness 2, slow metabolism 1, spit poison 1, AC +4
a: Spit Poison, End Transformation, Blink, Bend Time, Temporal Distortion,
Slouch, Renounce Religion


You were on level 4 of the Lair of Beasts.
You worshipped Cheibriados.
Cheibriados was greatly pleased with you.
You were not hungry.
You had blades for hands.
You visited 3 branches of the dungeon, and saw 15 of its levels.
You also visited: Gauntlet.

You collected 981 gold pieces.
You spent 672 gold pieces at shops.

Inventory:

Hand Weapons
 x - a +0 shortbow
 D - a +2 spear of venom
 K - a +2 hand crossbow of flaming
Missiles
 a - 170 arrows
 c - 382 stones (quivered)
 y - 92 bolts
Armour
 f - a +1 helmet (worn)
 n - a scarf of repulsion
 q - a +0 pair of gloves (melded)
 t - the +6 fire dragon scales of the Will of the Gods {+Fly rF++ rC- Str+2}
   (You took it off a minotaur in a Gauntlet)

   It affects your strength (+2).
   It greatly protects you from fire.
   It makes you vulnerable to cold.
   It lets you fly.
 H - a +2 cloak (worn)
 J - a +0 robe of magic resistance
 L - a +2 troll leather armour (worn)
 N - a +0 buckler (melded)
Magical Staves
 i - an uncursed staff of power
Jewellery
 l - the ring of the Red Skies (left scythe-like blade) {rElec Int-5 Dex+10 Stlth-}
   (You took it off an orc wizard on level 7 of the Dungeon)

   [ring of intelligence]

   It affects your intelligence (-5).
   It affects your dexterity (+10).
   It insulates you from electricity.
   It makes you less stealthy.
 r - the amulet of Jamymaf (around neck) {*Contam Regen+ Int+8 SInv}
   (You found it in a Gauntlet)

   [amulet of regeneration]

   It affects your intelligence (+8).
   It lets you see invisible.
   It causes magical contamination when unequipped.
   It increases your rate of regeneration.
 u - a ring of magical power (right scythe-like blade)
 w - an uncursed amulet of faith
 A - an uncursed ring of wizardry
 G - an uncursed amulet of guardian spirit
 P - an uncursed amulet of magic regeneration
Wands
 j - a wand of polymorph (2)
 v - a wand of scattershot (7)
 E - a wand of random effects (39)
 F - a wand of flame (73)
 O - a wand of enslavement (11)
Scrolls
 b - 2 scrolls of blinking
 e - 4 scrolls of remove curse
 g - 2 scrolls of brand weapon
 k - 2 scrolls of teleportation
 m - a scroll of holy word {unknown}
 o - a scroll of noise
Potions
 h - a potion of cancellation
 p - 2 potions of flight
 s - a potion of might {unknown}
 B - a potion of mutation
 C - a potion of curing
 I - a potion of lignification
 T - 2 potions of brilliance
 U - a potion of agility
Books
 z - a manual of Transmutations
Miscellaneous
 R - a phantom mirror
 S - a lamp of fire
Comestibles
 d - 14 rations
 M - a chunk of flesh


   Skills:
 - Level 3.1 Fighting
 - Level 5.6 Dodging
 - Level 3.6 Stealth
 - Level 2.6 Shields
 - Level 12.6 Unarmed Combat
 - Level 6.4 Spellcasting
 + Level 11.8 Transmutations
 - Level 5.3 Ice Magic
 - Level 3.6 Poison Magic
 - Level 6.8 Invocations


You had one spell level left.
You knew the following spells:

 Your Spells              Type           Power        Failure   Level  Hunger
a - Dragon Form           Tmut           ######....   82%         7    #######
b - Spider Form           Tmut/Pois      ######....   14%         3    None
c - Ice Form              Ice/Tmut       ######..     21%         4    ###....
d - Blade Hands           Tmut           ######....   17%         5    #####..
e - Sticks to Snakes      Tmut           ######..     7%          2    None
f - Confusing Touch       Hex            #.....       38%         1    None

Your spell library contained the following spells:

 Spells                   Type           Power        Failure   Level  Hunger
 Beastly Appendage        Tmut           ######       6%          1    None
 Petrify                  Tmut/Erth      #####...     36%         4    ###....
 Yara's Violent Unravell  Hex/Tmut       #####.....   56%         5    #####..
 Confuse                  Hex            #.......     63%         3    None
 Gell's Gravitas          Tloc           #.........   63%         3    None
 Metabolic Englaciation   Hex/Ice        ###.......   88%         5    #####..


Dungeon Overview and Level Annotations

Branches:
Dungeon (10/15)            Temple (1/1) D:7            Lair (4/6) D:10
    Orc (0/2) D:10        Gauntlet (visited)
  Swamp: Lair:2-4    Shoals: Lair:2-4     Snake: Lair:2-4    Spider: Lair:2-4

Altars:
Ashenzari
Cheibriados
Dithmenos
Elyvilon
Fedhas
Kikubaaqudgha
Makhleb
Nemelex Xobeh
Okawaru
Qazlal
Ru
Sif Muna
Trog
Uskayaw
Wu Jian
Xom
Yredelemnul
Zin

Shops:
D:4 *   D:7 %:(   D:10 }

Annotations:
D:4 1 runed translucent door, Crazy Yiuf
D:9 Erolcha
Lair:4 Nessos


Innate Abilities, Weirdness & Mutations

You cannot wear boots.
Your serpentine skin is tough. (AC +4)
You have supernaturally acute eyesight. (SInv)
Armour fits poorly on your strangely shaped body.
Your system is resistant to poisons. (rPois)
You cover ground very slowly.
You have a slow metabolism.
You can spit poison.
You can translocate small distances at will.
You are resistant to electric shocks. (rElec)


Message History

Nessos wields a +1 longbow of flaming.
It bursts into flame!
Nessos shoots an arrow.
The arrow hits you! The arrow burns you.
Unknown command.
Nessos mumbles some strange words.
Nessos seems to speed up.
The yak gores you.
Nessos blinks!
The yak closely misses you.
Nessos zaps a wand.
The bolt of acid hits you!
You are splashed with acid!
The yak gores you. The yak closely misses you.
Nessos zaps a wand.
The bolt of acid hits you. The acid corrodes you!
You are splashed with acid!
You see here a yak corpse.
Unknown command.
You can feel time thicken for a moment.
You feel somewhat more hungry.
You can no longer step out of the flow of time.
Cheibriados lowers the support of your attributes as your movement quickens.
Nessos shoots an arrow.
The arrow misses you.
The arrow barely misses the yak.
The yak completely misses you. The yak closely misses you.
Nessos zaps a wand.
The bolt of acid hits you!!
* * * LOW HITPOINT WARNING * * *
The acid corrodes you!
You are splashed with acid!
You die...

........#.#.......
..........#........##
#..............P....#
....................
#. ##......#..#....#
#.#.#...÷<#...#....##
#.........c...#.....#
##.................#..
##.......#..(@Y......
#.....##....PY.§....
##....###..P..#.....
#....# ####.## ..#.
###### ### .# .. .


You could see Nessos and 2 yaks.

Vanquished Creatures
  A minotaur (Gauntlet)
  A hydra (Lair:1)
  Erica (D:10)
  Pikel (D:4)
  6 elephants (Lair:2)
  A centaur zombie (Gauntlet)
  3 black mambas
  8 spiny frogs
  A rime drake (Lair:1)
  3 komodo dragons
  A troll (D:9)
  A hornet (D:9)
  Prince Ribbit (D:5)
  4 blink frogs (Lair:1)
  A slime creature (Gauntlet)
  A hippogriff (D:10)
  Grinder (D:3)
  9 yaks
  Grum (D:9)
  A human (D:7)
  2 hogs (D:7)
  A hungry ghost (D:9)
  11 porcupines
  6 water moccasins
  3 phantoms
  A black bear (D:10)
  2 orc warriors
  5 sky beasts
  2 ice beasts
  3 ogres
  6 wolves
  3 centaurs
  3 big kobolds
  5 crocodiles
  Blork the orc (D:6)
  8 bullfrogs
  A wyvern skeleton (D:6)
  A scorpion (D:5)
  9 killer bees
  6 wights
  2 electric eels (D:4)
  A howler monkey (D:4)
  A bullfrog zombie (D:6)
  6 crimson imps
  5 orc priests
  5 hounds
  A bullfrog skeleton (D:6)
  2 centaur skeletons
  2 jellies
  5 orc wizards
  Natasha (thrice) (D:2)
  A gnoll shaman (D:7)
  4 iguanas
  Ijyb (D:3)
  Jessica (D:2)
  10 worker ants
  A killer bee zombie (D:7)
  A hound zombie (D:8)
  Robin (D:3)
  A worker ant zombie (D:8)
  3 gnolls
  10 adders
  3 shadow imps
  An ooze (D:7)
  An adder skeleton (D:6)
  7 worms
  3 dart slugs
  2 leopard geckos
  20 orcs
  6 giant cockroaches
  16 goblins
  11 hobgoblins
  7 jackals
  4 quokkas
  4 ball pythons
  12 bats
  4 frilled lizards
  26 kobolds
  2 leopard gecko skeletons (D:5)
  A leopard gecko zombie (D:7)
  A quokka skeleton (D:9)
  3 rats
327 creatures vanquished.

Vanquished Creatures (collateral kills)
  3 two-headed ogres (D:10)
  A hound (D:10)
4 creatures vanquished.

Vanquished Creatures (others)
  A slave (D:5)
  A hound (D:5)
  An adder (D:5)
  An adder zombie (D:5)
  A leopard gecko (D:5)
  A giant cockroach (D:5)
  7 fungi
13 creatures vanquished.

Grand Total: 344 creatures vanquished

Notes
Turn   | Place    | Note
-------+----------+-------------------------------------------
     0 | D:1      | TittyCrusher the Naga Transmuter began the quest for the
                  | Orb.
     0 | D:1      | Reached XP level 1. HP: 18/18 MP: 3/3
   296 | D:1      | Reached XP level 2. HP: 19/25 MP: 5/5
   780 | D:1      | Reached XP level 3. HP: 31/31 MP: 6/6
   785 | D:1      | Learned a level 3 spell: Spider Form
  1110 | D:2      | Reached skill level 1 in Poison Magic
  1211 | D:2      | Found an ancient bone altar of Kikubaaqudgha.
  1225 | D:2      | Reached XP level 4. HP: 30/38 MP: 7/7
  1512 | D:2      | Found a faded altar of an unknown god.
  1941 | D:2      | Noticed Jessica
  1955 | D:2      | Killed Jessica
  1955 | D:2      | Reached XP level 5. HP: 40/44 MP: 8/8
  1973 | D:2      | Noticed Natasha
  1984 | D:2      | Killed Natasha
  1984 | D:2      | Reached skill level 4 in Unarmed Combat
  1991 | D:2      | Noticed Natasha
  2000 | D:2      | Killed Natasha
  2021 | D:2      | Noticed Natasha
  2028 | D:2      | Killed Natasha
  2346 | D:3      | Reached XP level 6. HP: 51/51 MP: 9/9
  2588 | D:3      | Found a shimmering blue altar of Sif Muna.
  2706 | D:3      | Noticed Robin
  2819 | D:3      | Killed Robin
  2976 | D:3      | Noticed Grinder
  2985 | D:3      | Killed Grinder
  2985 | D:3      | Reached skill level 5 in Transmutations
  2985 | D:3      | Reached XP level 7. HP: 57/57 MP: 10/10
  3023 | D:3      | Learned a level 4 spell: Ice Form
  3040 | D:3      | Noticed Ijyb
  3053 | D:3      | Killed Ijyb
  3053 | D:3      | Reached skill level 5 in Unarmed Combat
  3495 | D:4      | Reached skill level 6 in Unarmed Combat
  3596 | D:4      | Found a transporter.
  3621 | D:4      | Found Cywnaid's General Store.
  3630 | D:4      | Found a transporter.
  3682 | D:4      | Reached XP level 8. HP: 49/64 MP: 11/11
  3696 | D:4      | Reached skill level 7 in Unarmed Combat
  3839 | D:4      | Bought a potion of mutation for 112 gold pieces
  3840 | D:4      | Gained mutation: You are weak. (Str -2) [potion of
                  | mutation]
  3840 | D:4      | Lost mutation: You are weak. (Str -2) [potion of mutation]
  3841 | D:4      | Gained mutation: You are resistant to electric shocks.
                  | (rElec) [potion of mutation]
  3841 | D:4      | Gained mutation: You are covered in fur. (AC +1) [potion of
                  | mutation]
  4134 | D:4      | Found a shimmering altar of Xom.
  4146 | D:4      | Found a blossoming altar of Fedhas.
  4256 | D:4      | Found a shimmering altar of Xom.
  4372 | D:4      | Found a runed translucent door.
  4373 | D:4      | Noticed Crazy Yiuf
  4417 | D:5      | Entered Level 5 of the Dungeon
  4442 | D:5      | Noticed Pikel
  4465 | D:4      | Killed Pikel
  4465 | D:4      | Reached skill level 9 in Unarmed Combat
  4675 | D:5      | Reached skill level 1 in Ice Magic
  4963 | D:5      | Reached XP level 9. HP: 70/70 MP: 8/12
  5237 | D:5      | Noticed Prince Ribbit
  5248 | D:5      | Killed Prince Ribbit
  5922 | D:6      | Reached skill level 5 in Ice Magic
  6312 | D:6      | Noticed Blork the orc
  6326 | D:6      | Killed Blork the orc
  6337 | D:6      | Found a shimmering blue altar of Sif Muna.
  6377 | D:6      | Learned a level 5 spell: Blade Hands
  6564 | D:6      | Learned a level 2 spell: Sticks to Snakes
  6566 | D:6      | Learned a level 1 spell: Confusing Touch
  6652 | D:7      | Found a staircase to the Ecumenical Temple.
  6684 | Temple   | Entered the Ecumenical Temple
  6697 | Temple   | Became a worshipper of Cheibriados the Contemplative
  6776 | D:7      | Identified the cursed ring of the Red Skies {rElec Int-5
                  | Dex+10 Stlth-}
  6929 | D:7      | Found Zehog's Antique Weapon Emporium.
  7012 | D:7      | Found Kuaropp's Book Shoppe.
  7073 | D:7      | Reached XP level 10. HP: 78/78 MP: 16/16
  7084 | D:7      | Reached skill level 5 in Dodging
  7171 | D:7      | Found Attejoa's Food Shoppe.
  7225 | D:7      | Found a shadowy altar of Dithmenos.
  7269 | D:8      | Noticed a +0 dagger
  7269 | D:8      | Noticed a +0 hand axe
  7272 | D:8      | Found a hide-covered altar of Uskayaw.
  7282 | D:8      | Reached * piety under Cheibriados
  7312 | D:8      | Reached skill level 1 in Stealth
  7602 | D:8      | Found an iron altar of Okawaru.
  8531 | D:9      | Found a burning altar of Makhleb.
  8564 | D:9      | Reached ** piety under Cheibriados
  8564 | D:9      | Reached skill level 10 in Unarmed Combat
  8569 | D:9      | Noticed Erolcha
  8743 | D:9      | Found a sacrificial altar of Ru.
  8882 | D:8      | Found a hide-covered altar of Uskayaw.
  9148 | D:10     | Entered Level 10 of the Dungeon
  9148 | D:10     | Noticed Sonja
  9149 | D:10     | Noticed Sonja
  9149 | D:10     | Sonja changed into Sonja the human
  9156 | D:10     | Noticed Sonja
  9156 | D:10     | Sonja the human changed into Sonja the hornet
  9168 | D:10     | Paralysed by Sonja for 3 turns
  9491 | D:10     | Noticed Grum
  9499 | D:9      | Killed Sonja the hornet
  9594 | D:9      | Killed Grum
 10017 | D:9      | Reached skill level 11 in Unarmed Combat
 10386 | D:10     | Reached XP level 11. HP: 84/84 MP: 17/17
 10393 | D:10     | Found a staircase to the Orcish Mines.
 10396 | D:10     | Noticed a two-headed ogre
 10421 | D:10     | Killed a two-headed ogre
 10421 | D:10     | Reached *** piety under Cheibriados
 10421 | D:10     | Reached skill level 12 in Unarmed Combat
 10486 | D:10     | Found Kureops's Gadget Boutique.
 10508 | D:10     | Bought a lamp of fire for 560 gold pieces
 10635 | D:10     | Noticed Erica
 10646 | D:10     | Killed Erica
 10755 | D:10     | Found a staircase to the Lair.
 10756 | D:10     | Noticed a two-headed ogre
 10775 | D:10     | Killed a two-headed ogre
 10900 | D:10     | Noticed a two-headed ogre
 10937 | D:10     | Killed a two-headed ogre
 11166 | D:10     | Reached skill level 5 in Invocations
 11331 | Lair:1   | Entered Level 1 of the Lair of Beasts
 11331 | Lair:1   | Noticed a six-headed hydra
 11552 | Lair:1   | Reached **** piety under Cheibriados
 12241 | Lair:1   | Killed a six-headed hydra
 12241 | Lair:1   | Reached XP level 12. HP: 51/91 MP: 5/18
 12451 | Lair:1   | Lost mutation: You are covered in fur. (AC +1) [potion of
                  | mutation]
 12451 | Lair:1   | Lost mutation: You are resistant to electric shocks.
                  | (rElec) [potion of mutation]
 12451 | Lair:1   | Gained mutation: You expend magic power (3 MP) to
                  | strengthen your wands. [potion of mutation]
 12451 | Lair:1   | Gained mutation: Your flesh is cold resistant. (rC+)
                  | [potion of mutation]
 12452 | Lair:1   | Lost mutation: Your flesh is cold resistant. (rC+) [potion
                  | of mutation]
 12452 | Lair:1   | Lost mutation: You expend magic power (3 MP) to strengthen
                  | your wands. [potion of mutation]
 12452 | Lair:1   | Gained mutation: You are resistant to electric shocks.
                  | (rElec) [potion of mutation]
 12452 | Lair:1   | Gained mutation: You can translocate small distances at
                  | will. [potion of mutation]
 12812 | Lair:2   | Reached skill level 1 in Shields
 12826 | Lair:2   | Found a gate leading to a gauntlet.
 12840 | Gauntlet | Entered a Gauntlet
 12840 | Gauntlet | Found a transporter.
 12842 | Gauntlet | Found a runed translucent door.
 12843 | Gauntlet | Found a transporter.
 12844 | Gauntlet | Noticed a death ooze
 12856 | Gauntlet | Found a runed translucent door.
 12858 | Gauntlet | Found a transporter.
 12862 | Gauntlet | Found a transporter.
 12882 | Gauntlet | Found a transporter.
 12894 | Gauntlet | Noticed a great orb of eyes
 12894 | Gauntlet | a wolf spider changed into a great orb of eyes
 12895 | Gauntlet | Found a transporter.
 12895 | Gauntlet | Noticed a yellow draconian
 12895 | Gauntlet | a great orb of eyes changed into a yellow draconian
 12895 | Gauntlet | Noticed a queen ant
 12895 | Gauntlet | a yellow draconian changed into a queen ant
 12898 | Gauntlet | Noticed a four-headed hydra
 12898 | Gauntlet | a queen ant changed into a four-headed hydra
 12902 | Gauntlet | Noticed a queen ant
 12902 | Gauntlet | a four-headed hydra changed into a queen ant
 12903 | Gauntlet | Noticed a satyr
 12903 | Gauntlet | a queen ant changed into a satyr
 12905 | Gauntlet | a satyr changed into a wolf spider
 12907 | Gauntlet | Noticed a shock serpent
 12907 | Gauntlet | a glowing orange brain changed into a shock serpent
 12907 | Gauntlet | a shock serpent changed into a water nymph
 12908 | Gauntlet | Noticed a two-headed ogre
 12908 | Gauntlet | a water nymph changed into a two-headed ogre
 12910 | Gauntlet | a two-headed ogre changed into a manticore
 12911 | Gauntlet | Found a transporter.
 12912 | Gauntlet | Noticed a catoblepas
 12925 | Gauntlet | Found a transporter.
 12929 | Gauntlet | Found a transporter.
 12937 | Gauntlet | Found a transporter.
 12937 | Gauntlet | Noticed a dire elephant
 12959 | Gauntlet | Found a transporter.
 12963 | Gauntlet | Found a transporter.
 12973 | Gauntlet | Noticed an anaconda
 12973 | Gauntlet | a swamp worm changed into an anaconda
 12974 | Gauntlet | an anaconda changed into a slime creature
 12983 | Gauntlet | Noticed an anaconda
 12983 | Gauntlet | a torpor snail changed into an anaconda
 12989 | Gauntlet | Noticed a great orb of eyes
 12989 | Gauntlet | an anaconda changed into a great orb of eyes
 13042 | Gauntlet | a great orb of eyes changed into a tyrant leech
 13047 | Gauntlet | Noticed an ice dragon
 13047 | Gauntlet | a tyrant leech changed into an ice dragon
 13062 | Gauntlet | Noticed an anaconda
 13062 | Gauntlet | an ice dragon changed into an anaconda
 13063 | Gauntlet | Noticed a two-headed ogre
 13063 | Gauntlet | an anaconda changed into a two-headed ogre
 13064 | Gauntlet | a two-headed ogre changed into a faun
 13105 | Gauntlet | Noticed a two-headed ogre
 13105 | Gauntlet | a wolf spider changed into a two-headed ogre
 13105 | Gauntlet | a two-headed ogre changed into a snapping turtle
 13114 | Gauntlet | Noticed a two-headed ogre
 13114 | Gauntlet | a moth of wrath changed into a two-headed ogre
 13114 | Gauntlet | a two-headed ogre changed into a shining eye
 13116 | Gauntlet | Noticed a two-headed ogre
 13116 | Gauntlet | a shining eye changed into a two-headed ogre
 13126 | Gauntlet | a two-headed ogre changed into a wolf spider
 13132 | Gauntlet | Noticed an ettin
 13132 | Gauntlet | a wolf spider changed into an ettin
 13133 | Gauntlet | Noticed an emperor scorpion
 13133 | Gauntlet | an ettin changed into an emperor scorpion
 13133 | Gauntlet | Noticed a ghost moth
 13133 | Gauntlet | an emperor scorpion changed into a ghost moth
 13134 | Gauntlet | Noticed an alligator
 13134 | Gauntlet | a ghost moth changed into an alligator
 13158 | Gauntlet | Got an ancient bone amulet
 13405 | Gauntlet | Identified the +6 flail of the Revolution {crush, Str+2}
 13405 | Gauntlet | Identified the +6 fire dragon scales of the Will of the
                  | Gods {+Fly rF++ rC- Str+2}
 13405 | Gauntlet | Noticed a minotaur
 13413 | Gauntlet | Identified the amulet of Jamymaf {*Contam Regen+ Int+8
                  | SInv} (You found it in a Gauntlet)
 13553 | Gauntlet | Killed a minotaur
 13559 | Gauntlet | Identified the Collected Works on Shape Shifting
 13780 | Lair:2   | Reached skill level 5 in Spellcasting
 13869 | Lair:2   | Learned a level 7 spell: Dragon Form
 14529 | Lair:3   | Reached skill level 10 in Transmutations
 14781 | Lair:3   | Reached ***** piety under Cheibriados
 15211 | Lair:4   | Noticed Nessos
 15216 | Lair:4   | Splashed by Nessos's acid

Levels and vault maps discovered:
D:1:      lordsloth_arrival_two_stooges, layout_loops_ring
D:2:      layout_basic, lemuel_crystal_altar,
          chequers_ecumenical_altar_simple_redux, uniq_jessica, uniq_natasha
D:3:      layout_basic, marbit_many_paths, first_ration, uniq_grinder,
          uniq_ijyb, uniq_robin
D:4:      gammafunk_steamed_eel, layout_rooms, xom_redecorated,
          fedhas_altar_fruit_tree, kennysheep_windowed_goal,
          uniq_crazy_yiuf_cottage
D:5:      layout_rooms, minmay_quadrilaterals, uniq_prince_ribbit1, uniq_pikel
D:6:      layout_rooms, tgw_sif
D:7:      layout_rooms, grunt_dithmenos_shadows, minmay_temple_entry_slanted,
          serial_shops, nicolae_shop_behind_doors,
          nicolae_shop_overgrown_old_shop, nicolae_shop_crystal, grunt_livestock
D:8:      lemuel_upstairs_altar, layout_basic, okawaru_trees_1,
          dancing_weapons_uskayaw, st_stairs_3, minmay_misc_feat_roman
D:9:      layout_irregular_city, nicolae_ru_great_annihilating_truth,
          kennysheep_another_room, bloody_makhleb, uniq_erolcha
D:10:     layout_roguey, lair_entry_dummy, david_orc_3, serial_shops,
          shop_coins, uniq_grum, uniq_erica, uniq_sonja
Temple:   nicolae_temple_great_sept
Lair:1:   layout_roguey, beast_lair_carwin_3
Lair:2:   layout_regular_city, gauntlet_entry_generic, columned_hall_lemuel,
          minmay_hedge_maze
Lair:3:   layout_chaotic_city, beast_lair_carwin_11
Lair:4:   layout_misc_corridors, elwin_shoals_entry_rooms,
          nicolae_spider_entry_non_spiders, patterned_corridor, uniq_nergalle,
          uniq_nessos, uniq_snorg

Skill      XL: |  1  2  3  4  5  6  7  8  9 10 11 12 |
---------------+-------------------------------------+-----
Transmutations | 3 5 7 11 | 11.8
Poison Magic   | 2 3 |  3.6
Unarmed Combat | 4 6 9 11 12 | 12.6
Ice Magic      | 2 5 |  5.3
Spellcasting   | 4 6 |  6.4
Dodging        | 4 5 |  5.6
Stealth        | 3 |  3.6
Invocations    | 6 |  6.8
Shields        | 2 |  2.6
Fighting       | 3 |  3.1

Action                   |  1- 3 |  4- 6 |  7- 9 | 10-12 || total
-------------------------+-------+-------+-------+-------++-------
Melee: Unarmed           |    28 |       |   116 |   333 ||   477
       Headbutt          |     1 |       |       |       ||     1
       Short sword       |    33 |   119 |   193 |   149 ||   494
       Punch             |       |       |       |    16 ||    16
 Fire: Hand crossbow     |       |       |     7 |       ||     7
Throw: Stone             |     3 |     2 |     9 |    14 ||    28
 Cast: Beastly Appendage |     3 |       |       |       ||     3
       Spider Form       |       |       |     6 |     4 ||    10
       Ice Form          |       |       |     6 |    21 ||    27
       Confusing Touch   |       |       |       |     4 ||     4
       Sticks to Snakes  |       |       |       |    22 ||    22
       Blade Hands       |       |       |       |    20 ||    20
Invok: Temporal Distorti |       |       |       |     3 ||     3
       Bend Time         |       |       |       |     2 ||     2
       Slouch            |       |       |       |     1 ||     1
 Abil: Spit Poison       |    26 |    31 |    14 |    20 ||    91
       Evoke Berserk Rag |       |       |     2 |       ||     2
       End Transformatio |       |       |     3 |     1 ||     4
       Blink             |       |       |       |     8 ||     8
Evoke: Wand              |       |       |     3 |     4 ||     7
       Lamp of fire      |       |       |       |     1 ||     1
  Use: Potion            |     2 |     1 |     3 |    11 ||    17
       Scroll            |     1 |     7 |     7 |    23 ||    38
 Stab: Sleeping          |       |     1 |       |     9 ||    10
       Confused          |       |       |       |     3 ||     3
       Invisible         |       |       |       |     1 ||     1
       Paralysed         |       |       |       |     1 ||     1
  Eat: Chunk             |     2 |     7 |    11 |     9 ||    29
       Ration            |       |       |     1 |     7 ||     8
Armor: Robe              |     5 |       |       |    29 ||    34
       Leather armour    |    16 |    48 |    91 |    57 ||   212
       Skin              |       |       |    27 |    44 ||    71
       Troll leather arm |       |       |       |    21 ||    21
Dodge: Dodged            |    27 |    37 |   166 |   388 ||   618
       Deflected         |       |       |     1 |     4 ||     5
Block: Buckler           |     2 |    18 |    19 |    26 ||    65
